 Dungeon Crawl Stone Soup version 0.27.1-34-g3ba077fa99 (webtiles) character file.

Game seed: 2606416340635991987

3375 safid the Cleaver (level 10, -5/78 HPs)
             Began as a Hill Orc Fighter on Jan 28, 2022.
             Shot with a bolt by an orc warrior (14 damage)
             ... in a bailey.
             The game lasted 00:17:13 (8684 turns).

safid the Cleaver (Hill Orc Fighter)                Turns: 8684, Time: 00:17:14

Health: -5/78      AC: 12    Str: 23    XL:     10   Next: 3%
Magic:  0/10       EV:  9    Int:  8    God:
Gold:   375        SH: 12    Dex: 10    Spells: 9/9 levels left

rFire    . . .     SeeInvis .   s - +7 flail (vorpal)
rCold    . . .     Faith    .   c - +0 kite shield
rNeg     . . .     Spirit   +   b - +0 scale mail
rPois    .         Reflect  .   (no helmet)
rElec    .         Harm     .   (no cloak)
rCorr    .         Rampage  .   i - +0 pair of gloves
Will     .....                  (no boots)
Stlth    ..........             k - amulet of guardian spirit
HPRegen  0.23/turn              v - +4 ring of protection
MPRegen  0.12/turn              (no ring)

@: no status effects
A: no striking features
a: no special abilities


You were in a bailey.
You visited 1 branch of the dungeon, and saw 8 of its levels.
You also visited: Bailey.

You collected 375 gold pieces.

Inventory:

Hand Weapons
 a - a +0 war axe
 s - a +7 vorpal flail (weapon)
 u - the +6 whip "Hell-Harrower" {pain, +Blink Str+2}
   (You found it on level 7 of the Dungeon)

   In the hands of one skilled in necromantic magic, it inflicts extra damage on
   living creatures.
   Str:       It affects your strength (+2).
   +Blink:    It lets you blink.
Missiles
 d - 3 throwing nets
 n - 32 poisoned darts (quivered)
 q - 3 silver boomerangs
Armour
 b - a +0 scale mail (worn)
 c - a +0 kite shield (worn)
 i - a +0 pair of gloves (worn)
 w - the +1 leather armour of the Game of Life {rPois Dex+2}
   (You found it on level 7 of the Dungeon)

   Dex:       It affects your dexterity (+2).
   rPois:     It protects you from poison.
Jewellery
 k - an amulet of guardian spirit (around neck)
 v - a +4 ring of protection (left hand)
Wands
 e - a wand of flame (11)
 f - a wand of iceblast (17)
 m - a wand of digging (11)
Scrolls
 h - a scroll of immolation {unknown}
 l - a scroll of acquirement {unknown}
 o - a scroll of brand weapon
 t - 3 scrolls of enchant armour
Potions
 g - a potion of flight
 j - a potion of brilliance {unknown}
 p - a potion of curing
 r - a potion of lignification {unknown}


   Skills:
 - Level 4.0 Fighting
 + Level 12.5 Axes
 - Level 4.0 Armour
 + Level 11.0 Shields


You had 9 spell levels left.
You didn't know any spells.
Your spell library was empty.

Dungeon Overview and Level Annotations

Branches:
Dungeon (8/15)             Temple (0/1) D:7          Bailey (1/1)
   Lair: D:8-11

Altars:
Ashenzari
Gozag
Nemelex Xobeh
Sif Muna
Trog
Uskayaw
Vehumet
Zin

Shops:
D:5 (

Annotations:
D:6 1 runed translucent door, Crazy Yiuf


Message History

Unknown command.
You hit the orc.
You kill the orc!
The orc warrior shoots a bolt.
You block the bolt.
Your Shields skill increases to level 11!
Unknown command.
The orc warrior shoots a bolt.
You block the bolt.
The orc warrior shoots a bolt.
The bolt barely misses you.
The orc shoots a bolt.
You block the bolt.
The orc shoots a bolt.
The bolt closely misses you.
An orc comes into view. It is wielding a +0 arbalest.
The orc shoots a bolt.
You block the bolt.
The orc shoots a bolt.
You block the bolt.
The orc shoots a bolt.
You block the bolt.
The orc shoots a bolt.
The bolt hits you!
The orc shoots a bolt.
You block the bolt.
An orc warrior comes into view. It is wielding a +3 arbalest.
The orc shoots a bolt.
The bolt barely misses you.
The orc warrior shoots a bolt.
The bolt barely misses you.
The orc shoots a bolt.
The bolt barely misses you.
The orc warrior shoots a bolt.
You block the bolt.
The orc unwields a +0 arbalest.
You block the orc's attack.
You closely miss the orc.
The orc warrior shoots a bolt.
The bolt hits you!
* * * LOW HITPOINT WARNING * * *
You block the orc's attack.
Unknown command.
You sock the orc!
You kill the orc!
The orc shoots a bolt.
The bolt closely misses you.
The orc warrior shoots a bolt.
The bolt misses you.
The orc warrior shoots a bolt.
The bolt hits you!
* * * LOW HITPOINT WARNING * * *
Unknown command.
The orc warrior shoots a bolt.
You block the bolt.
The orc warrior shoots a bolt.
The bolt hits you!
* * * LOW HITPOINT WARNING * * *
The orc warrior shoots a bolt.
The bolt hits you.
* * * LOW HITPOINT WARNING * * *
You feel better.
The orc warrior shoots a bolt.
The bolt hits you!
You die...

#################
...........@...∩#
................#
................#
.......)........#
....o...........#
..o........)....#
≈≈≈≈≈≈≈≈≈≈......#
≈≈≈≈≈#o#≈≈......#
≈≈≈≈##o##≈......#


You could see 2 orc warriors.

Vanquished Creatures
  Harold (D:8)
  Pikel (D:5)
  Grinder (D:6)
  Sigmund (D:6)
  Eustachio (D:5)
  A steam dragon (D:7)
  Edmund (D:5)
  A water moccasin (D:8)
  A sky beast (D:7)
  An ogre (D:4)
  A phantom (D:5)
  2 scorpions
  3 bullfrogs
  3 killer bees (D:8)
  2 electric eels (D:7)
  A howler monkey (D:5)
  2 centaur zombies
  A hound (D:5)
  A centaur skeleton (D:4)
  A bullfrog skeleton (D:4)
  Jessica (D:3)
  Ijyb (D:5)
  5 iguanas
  An orc wizard (D:4)
  A gnoll (D:1)
  3 howler monkey zombies
  5 adders
  2 ufetubi
  A worm (D:3)
  5 dart slugs
  16 orcs
  7 bats
  6 endoplasms
  5 giant cockroaches
  10 goblins
  6 hobgoblins
  5 quokkas
  9 ball pythons
  3 frilled lizards
  A kobold (D:2)
  6 rats
126 creatures vanquished.

Notes
Turn   | Place    | Note
-------+----------+-------------------------------------------
     0 | D:1      | safid the Hill Orc Fighter began the quest for the Orb.
     0 | D:1      | Reached XP level 1. HP: 19/19 MP: 1/1
   110 | D:1      | Reached skill level 3 in Axes
   110 | D:1      | Reached XP level 2. HP: 25/27 MP: 2/2
   605 | D:1      | Reached XP level 3. HP: 15/33 MP: 3/3
  1722 | D:2      | Reached XP level 4. HP: 40/40 MP: 4/4
  1729 | D:2      | Found a faded altar of an unknown god.
  1840 | D:2      | Noticed a great orb of eyes
  1846 | D:2      | Noticed a golden eye
  1850 | D:2      | Noticed a floating eye
  1850 | D:2      | Noticed a floating eye
  1875 | D:2      | Reached skill level 4 in Axes
  2368 | D:3      | Noticed Jessica
  2382 | D:3      | Killed Jessica
  2383 | D:3      | Reached XP level 5. HP: 7/46 MP: 5/5
  3472 | D:3      | Found a shimmering blue altar of Sif Muna.
  3627 | D:4      | Reached skill level 5 in Axes
  3953 | D:4      | Noticed an ogre
  3959 | D:4      | Killed an ogre
  3960 | D:4      | Reached skill level 5 in Shields
  3960 | D:4      | Reached XP level 6. HP: 32/52 MP: 3/6
  4165 | D:4      | Reached skill level 6 in Axes
  4664 | D:4      | Found an opulent altar of Gozag.
  4664 | D:4      | Found a sparkling altar of Nemelex Xobeh.
  4779 | D:5      | Entered Level 5 of the Dungeon
  4830 | D:5      | Reached XP level 7. HP: 58/59 MP: 7/7
  4853 | D:5      | Found a glowing silver altar of Zin.
  4854 | D:5      | Noticed Edmund
  4865 | D:5      | Killed Edmund
  4866 | D:5      | Reached skill level 7 in Axes
  4941 | D:5      | Found a radiant altar of Vehumet.
  4949 | D:5      | Noticed Eustachio
  4975 | D:5      | HP: 1/59 [ufetubus[Eustachio] (3)]
  4980 | D:5      | HP: 1/59 [bat[Eustachio] (1)]
  4982 | D:5      | Killed Eustachio
  4983 | D:5      | Reached skill level 8 in Axes
  5317 | D:5      | Noticed Ijyb
  5395 | D:5      | Killed Ijyb
  5396 | D:5      | Reached XP level 8. HP: 20/66 MP: 4/8
  5645 | D:5      | Noticed Pikel
  5678 | D:5      | Killed Pikel
  5679 | D:5      | Reached skill level 9 in Axes
  5837 | D:5      | Found Guck's Weapon Emporium.
  6251 | D:6      | Found a runed translucent door.
  6252 | D:6      | Noticed Crazy Yiuf
  6435 | D:6      | Noticed Sigmund
  6443 | D:6      | Reached skill level 10 in Axes
  6459 | D:5      | Found a broken altar of Ashenzari.
  6734 | D:6      | Killed Sigmund
  6735 | D:6      | Reached XP level 9. HP: 27/71 MP: 4/9
  7086 | D:6      | Noticed Grinder
  7088 | D:6      | Paralysed by Grinder for 5 turns
  7096 | D:6      | Killed Grinder
  7450 | D:7      | Found a hide-covered altar of Uskayaw.
  7497 | D:7      | Found a bloodstained altar of Trog.
  7610 | D:7      | Reached skill level 11 in Axes
  7889 | D:7      | Found a staircase to the Ecumenical Temple.
  7924 | D:7      | Identified the +6 whip "Hell-Harrower" {pain, +Blink Str+2}
  7938 | D:7      | Identified the +1 leather armour of the Game of Life {rPois
                  | Dex+2}
  8135 | D:7      | Reached skill level 10 in Shields
  8360 | D:8      | Noticed Harold
  8372 | D:8      | Killed Harold
  8373 | D:8      | Reached skill level 12 in Axes
  8431 | D:8      | Reached XP level 10. HP: 73/78 MP: 10/10
  8440 | D:8      | Found a flagged portal.
  8519 | Bailey   | Entered a bailey
  8683 | Bailey   | HP: 2/78 [orc warrior/bolt (4)]
  8684 | Bailey   | Shot with a bolt by an orc warrior

Illustrated notes

Levels and vault maps discovered:
D:1:      ncdulo_smallfort, layout_basic, chequers_serial_rivers_large_b,
          kennysheep_pointless_box, minmay_distorted
D:2:      layout_loops_ring, hellmonk_ecumenical_altar_watching_god
D:3:      layout_loops_corners, nicolae_sif_muna_little_library, minivault_24,
          uniq_jessica
D:4:      layout_gridville, grunt_temple_overflow_opulence, wad_orctagon
D:5:      layout_cave_pools, nicolae_overflow_hidden_temple, serial_shops, shop,
          uniq_edmund, uniq_eustachio, uniq_ijyb, uniq_pikel
D:6:      layout_basic, uniq_grinder, uniq_crazy_yiuf_cottage, uniq_sigmund
D:7:      layout_rooms, eat_drink_and_be_merry_uskayaw, kennysheep_mini_moat,
          minmay_temple_entry_glassed_door, hangedman_decor_opposing,
          water_boxes_lemuel
D:8:      layout_gridville, enter_bailey_8, hangedman_abyss_or_decor_passed,
          uniq_harold
Bailey:   bailey_polearm_2, bailey

Skill      XL: |  1  2  3  4  5  6  7  8  9 10 |
---------------+-------------------------------+-----
Axes           | 3 4 5 6 8 10 12 | 12.5
Fighting       | 4 |  4.0
Armour         | 4 |  4.0
Shields        | 4 5 6 7 9 10 11 | 11.0

Action                   |  1- 3 |  4- 6 |  7- 9 | 10-12 || total
-------------------------+-------+-------+-------+-------++-------
Melee: War axe           |   113 |   143 |     8 |       ||   264
       Flail             |       |       |   180 |    12 ||   192
  Use: Potion            |       |       |    12 |     1 ||    13
       Scroll            |       |       |     6 |       ||     6
Armor: Scale mail        |    58 |    81 |   114 |     9 ||   262
Dodge: Dodged            |    41 |    47 |   103 |    15 ||   206
Block: Kite shield       |    71 |   117 |   175 |    34 ||   397
